 Dungeon Crawl Stone Soup version 0.28-a0-998-gb9e9c7b67e (webtiles) character file.

Game seed: 3658247793446051407

324 oldriver the Magician (level 6, -8/47 HPs)
             Began as a Draconian Conjurer on Dec 5, 2021.
             Mangled by an ogre (11 damage)
             ... on level 5 of the Dungeon.
             The game lasted 00:05:59 (5130 turns).

oldriver the Magician (Draconian Conjurer)          Turns: 5130, Time: 00:06:00

Health: -8/47      AC:  6    Str:  9    XL:     6   Next: 23%
Magic:  14/14      EV: 12    Int: 20    God:
Gold:   254        SH:  0    Dex: 10    Spells: 3/16 levels left

rFire   . . .      SeeInvis .   j - +0 short sword (venom)
rCold   . . .      Faith    .   (no shield)
rNeg    . . .      Spirit   .   (armour unavailable)
rPois   .          Reflect  .   (helmet restricted)
rElec   .          Harm     .   (no cloak)
rCorr   .          Rampage  .   (no gloves)
Will    .....                   (no boots)
Stlth   +.........              (no amulet)
HPRegen 0.15/turn               a - ring of flight
MPRegen 0.14/turn               (no ring)

@: confused, flying
A: AC +6, unfitting armour, cold-blooded
a: no special abilities


You were on level 5 of the Dungeon.
You visited 1 branch of the dungeon, and saw 5 of its levels.

You collected 254 gold pieces.

Inventory:

Hand Weapons
 j - a +0 short sword of venom (weapon)
Jewellery
 a - a ring of flight (left hand)
Wands
 m - a wand of flame (11)
Scrolls
 b - 2 scrolls of enchant armour
 d - a scroll of enchant weapon {unknown}
 e - 2 scrolls of amnesia
 h - a scroll of blinking
 l - a scroll of magic mapping {unknown}
Potions
 c - 2 potions of berserk rage {unknown}
 f - a potion of cancellation {unknown}
 g - a potion of magic {unknown}
 i - a potion of attraction {unknown}
 k - 2 potions of haste {unknown}


   Skills:
 + Level 1.0 Fighting
 - Level 0.4 Long Blades
 - Level 1.7 Dodging
 - Level 1.7 Stealth
 - Level 0.3 Unarmed Combat
 * Level 5.9 Spellcasting
 - Level 4.0 Conjurations


You had 3 spell levels left.
You knew the following spells:

 Your Spells              Type           Power      Damage    Failure   Level
a - Magic Dart            Conj           84%        1d7       1%          1
b - Searing Ray           Conj           42%        2d6       3%          2
c - Iskenderun's Mystic   Conj/Tloc      13%        2d5       43%         4
d - Fulminant Prism       Conj/Hex       6%         3d7       43%         4
e - Blink                 Tloc           10%        N/A       16%         2

Your spell library contained the following spells:

 Spells                   Type           Power      Damage    Failure   Level
 Dazzling Flash           Conj/Hex       26%        N/A       14%         3
 Manifold Assault         Tloc           5%         N/A       96%         5
 Storm Form               Tmut/Air       2%         N/A       100%        7


Dungeon Overview and Level Annotations

Branches:
Dungeon (5/15)
 Temple: D:4-7

Altars:
Gozag
Vehumet
Xom

Shops:
D:3 [


Innate Abilities, Weirdness & Mutations

Your plain brown scales are hard. (AC +6)
You cannot fit into any form of body armour.
You are cold-blooded and may be slowed by cold attacks.


Message History

An ogre comes into view. It is wielding a +0 giant spiked club.
Found a white potion and a garnet ring.
The ogre shouts!
The orc wizard shouts!
The orc wizard points at you and mumbles some strange words.
The puff of flame misses you.
A dart slug comes into view.
Found 17 gold pieces.
The orc wizard casts a spell at you.
You are confused.
The howler monkey zombie closely misses you.
The orc wizard casts a spell at you.
You are more confused.
You're too confused to move!
The howler monkey zombie hits you but does no damage.
The orc wizard gestures wildly while chanting.
The orc wizard flickers and vanishes!
Deactivating autopickup; reactivate with Ctrl-A.
The howler monkey zombie completely misses you.
The howler monkey zombie hits you. The orc closely misses you.
You hit the orc.
The orc is poisoned.
The orc is moderately wounded.
The orc wizard gestures at you while chanting.
You are more confused.
The howler monkey zombie hits you but does no damage.
The orc is engulfed in blazing flames.
The orc dies!
You are engulfed in blazing flames.
The ogre hits you with a +0 giant spiked club!!
* * * LOW HITPOINT WARNING * * *
Something hits you.
* * * LOW HITPOINT WARNING * * *
The howler monkey zombie hits you.
* * * LOW HITPOINT WARNING * * *
Things that are here:
a +1 flail of draining; an orc corpse The ogre barely misses you.
You hit the ogre.
The ogre is poisoned.
The ogre is lightly wounded.
The ogre hits you with a +0 giant spiked club!
You die...

... #............#
#...#............. .
#..^....###...# ..
###........#...#
.=.#[......#.....## #
............$[...#.##
###.....##.##☼..○...#.
#.......##.Z{☼o......
..####.......☼@_......
.# #....!.##.O..○....#
...........##w...○...#
...............$#.....#
................#.....#
...................##.#
......##...........# ..
.....# ........#..#.
...


You could see an ogre (very poisoned), an orc wizard, a dart slug and a howler
monkey zombie.

Vanquished Creatures
  A scorpion (D:4)
  A centaur skeleton (D:4)
  An iguana (D:4)
  Ijyb (D:4)
  8 adders
  A howler monkey skeleton (D:4)
  An adder skeleton (D:4)
  2 worms
  7 dart slugs
  5 bats
  6 endoplasms
  A giant cockroach (D:2)
  13 goblins
  10 hobgoblins
  6 kobolds
  5 quokkas
  8 ball pythons
  A frilled lizard (D:3)
  8 rats
86 creatures vanquished.

Vanquished Creatures (others)
  An orc (D:5)
1 creature vanquished.

Grand Total: 87 creatures vanquished

Notes
Turn   | Place    | Note
-------+----------+-------------------------------------------
     0 | D:1      | oldriver the Draconian Conjurer began the quest for the
                  | Orb.
     0 | D:1      | Reached XP level 1. HP: 14/14 MP: 3/3
   250 | D:1      | Reached XP level 2. HP: 20/20 MP: 2/5
   603 | D:1      | Reached skill level 3 in Spellcasting
   898 | D:1      | Reached XP level 3. HP: 26/26 MP: 5/7
  1438 | D:2      | Learned a level 2 spell: Searing Ray
  1585 | D:2      | Reached skill level 4 in Spellcasting
  1585 | D:2      | Reached XP level 4. HP: 25/33 MP: 0/10
  2058 | D:2      | Found a faded altar of an unknown god.
  2594 | D:3      | Found an opulent altar of Gozag.
  2970 | D:3      | Found a shimmering altar of Xom.
  2989 | D:3      | Reached skill level 1 in Fighting
  3269 | D:3      | Found Qaag's Armour Emporium.
  3592 | D:4      | Reached XP level 5. HP: 40/40 MP: 9/11
  3623 | D:4      | Noticed an ogre
  3624 | D:4      | Reached skill level 5 in Spellcasting
  4146 | D:4      | Reached XP level 6. HP: 47/47 MP: 7/14
  4254 | D:4      | Learned a level 4 spell: Iskenderun's Mystic Blast
  4259 | D:4      | Learned a level 4 spell: Fulminant Prism
  4262 | D:4      | Learned a level 2 spell: Blink
  4553 | D:4      | Noticed Ijyb
  4566 | D:4      | Killed Ijyb
  5114 | D:5      | Entered Level 5 of the Dungeon
  5114 | D:5      | Found a radiant altar of Vehumet.
  5130 | D:5      | Mangled by an ogre

Illustrated notes

Levels and vault maps discovered:
D:1:      saegor_arrival_simple_e, layout_loops_ring
D:2:      minmay_diamond_boxcup, layout_loops_cross, basic_ecumenical_altar
D:3:      layout_loops_ring, nicolae_gozag_cash_rules_everything_around_me,
          nicolae_overflow_crystal_walls, serial_shops, nicolae_shop_waterfront
D:4:      minmay_spotlight, layout_basic, uniq_ijyb
D:5:      layout_cave_pools, fiery_altar_vehumet

Skill      XL: |  1  2  3  4  5 |
---------------+----------------+-----
Spellcasting   | 3 4 5 |  5.9
Fighting       | 1 |  1.0
Long Blades    | |  0.4
Dodging        | |  1.7
Stealth        | |  1.7
Unarmed Combat | |  0.3
Conjurations   | |  4.0

Action                   |  1- 3 |  4- 6 || total
-------------------------+-------+-------++-------
Melee: Unarmed           |    10 |       ||    10
       Falchion          |     7 |       ||     7
       Short sword       |       |     2 ||     2
 Cast: Magic Dart        |    75 |   132 ||   207
       Searing Ray       |       |     5 ||     5
  Use: Scroll            |       |    10 ||    10
Armor: Skin              |     3 |    10 ||    13
Dodge: Dodged            |    19 |    20 ||    39

Table legend: (Time is in decaauts)
 A = Elapsed time spent in this place.
 B = Non-inter-level travel time spent in this place.
 C = Inter-level travel time spent in this place.
 D = Time resting spent in this place.
 E = Time spent auto-exploring this place.
 F = Levels seen in this place.
 G = Mean time per level.
                   A        B        C        D        E       F      G
               +--------+--------+--------+--------+--------+-----+--------+
         Total |   5132 |   4994 |    138 |    553 |   3856 |   5 | 1026.4 |
       Dungeon |   5132 |   4994 |    138 |    553 |   3856 |   5 | 1026.4 |
               +--------+--------+--------+--------+--------+-----+--------+

Top non-repeatable levels by time:
     D:4: 1481 daAuts
     D:1: 1332 daAuts
     D:2: 1289 daAuts
     D:3: 1013 daAuts
     D:5: 15 daAuts
